 Dungeon Crawl Stone Soup version 0.31-a0-1612-g4aaf141004 (webtiles) character file.

Game seed: 11896986059356286645

641 timneilson the Ruffian (level 7, -6/46 HPs)
             Began as an Octopode Shapeshifter on Jan 9, 2024.
             Mangled by an ice beast (9 damage)
             ... on level 5 of the Dungeon.
             The game lasted 00:06:42 (4253 turns).

timneilson the Ruffian (Octopode Shapeshifter)      Turns: 4253, Time: 00:06:43

Health: -6/46      AC: -7    Str: 18    XL:     7   Next: 51%
Magic:  7/7        EV: 12    Int: 18    God:
Gold:   231        SH:  7    Dex: 11    Spells: 6/6 levels left

rFire   . .          .
                       - Unarmed
rCold   . . .        r - +0 kite shield
rNeg    . . .        (helmet currently unavailable)
rPois   .            t - amulet of the Nine Ziggurats {Acrobat Str+2 Int+6}
rElec   .            e - +4 ring of slaying
rCorr   .            (no ring)
SInv    .            (no ring)
Will    .....        (no ring)
Stlth   +++          (no ring)
HPRegen 0.27/turn    (no ring)
MPRegen 0.10/turn    (no ring)
                     (no ring)

%: acrobat
@: beast-form, corroded
A: beast (slay +2), almost no armour, amphibious, 8 rings, camouflage 1,
gelatinous body 1, (nimble swimmer 1), tentacles
a: Begin Untransformation


You were on level 5 of the Dungeon.
You were a hulking beast.
You visited 1 branch of the dungeon, and saw 5 of its levels.

You collected 231 gold pieces.

Inventory:

Armour
 r - a +0 kite shield (worn)
Jewellery
 e - a +4 ring of slaying (left tentacle)
 h - a ring of fire
 t - the amulet of the Nine Ziggurats (around mantle) {Acrobat Str+2 Int+6}
   (You found it on level 4 of the Dungeon)

   [amulet of the acrobat]

   Acrobat:   It increases your evasion while moving and waiting.
   Str+2:     It affects your strength (+2).
   Int+6:     It affects your intelligence (+6).
 w - a ring of fire
Talismans
 b - a beast talisman
 c - a flux talisman
 f - a serpent talisman
 k - a granite talisman
Scrolls
 m - 3 scrolls of revelation
 n - a scroll of fog {unknown}
 o - a scroll of identify
 s - 2 scrolls of immolation
Potions
 a - 3 potions of lignification
 d - a potion of heal wounds {unknown}
 g - 3 potions of curing
 i - a potion of brilliance {unknown}
 j - 2 potions of haste
 l - a potion of magic {unknown}
 p - a potion of mutation {unknown}
 u - a potion of enlightenment {unknown}
 x - a potion of berserk rage {unknown}


   Skills:
 * Level 3.5 Fighting
 * Level 4.1 Dodging
 + Level 3.4 Stealth
 + Level 1.7 Shields
 * Level 4.5 Unarmed Combat
 * Level 4.4 Shapeshifting


You had 6 spell levels left.
You didn't know any spells.
Your spell library contained the following spells:

 Spells                   Type           Power      Damage    Failure   Level
 Flame Wave               Conj/Fire      0%         2d4       99%         4
 Ignite Poison            Fire/Alch      0%         N/A       99%         4
 Sticky Flame             Fire/Alch      0%         2d4       99%         4
 Bombard                  Conj/Erth      0%         9d1       100%        6


Dungeon Overview and Level Annotations

Branches:
Dungeon (5/15)             Temple (0/1) D:5

Altars:
Dithmenos
Sif Muna
Uskayaw

Shops:
D:3 [   D:4 [

Annotations:
D:3 1 runed translucent door, Crazy Yiuf


Innate Abilities, Weirdness & Mutations

You are a hulking beast.
Your limbs bulge with bestial killing power. (Slay +2)
You cannot wear most types of armour.
You are amphibious.
You can wear up to eight rings at the same time.
Your skin changes colour to match your surroundings (Stealth+).
Your rubbery body absorbs attacks. (AC +1, EV +1)
((You are camouflaged when in or above water. (Stealth+)))
You have tentacles for arms and can constrict up to eight enemies at once.


Message History

You feel better.
You bludgeon the ogre! You squeeze the ogre.
The ogre is almost dead.
The ogre closely misses you.
You tentacle-slap the ogre but do no damage.
Your squeeze misses the ogre.
The ogre is almost dead.
The ogre barely misses you.
You bludgeon the ogre!
You kill the ogre!
You see here a +0 giant club.
HP restored.
Found a staircase to the Ecumenical Temple.
Found a ring mail.
An ice beast comes into view.
Found a runed rapier.
A jelly comes into view.
You closely miss the ice beast. You squeeze the ice beast!
The ice beast is severely wounded.
The ice beast hits you. The ice beast freezes you! The ice beast misses you.
You tentacle-slap the ice beast. Your squeeze misses the ice beast.
The ice beast is severely wounded.
The ice beast completely misses you.
You tentacle-slap the ice beast but do no damage.
Your squeeze misses the ice beast.
The ice beast is severely wounded.
The ice beast hits you. The ice beast freezes you!
The jelly closely misses you.
You tentacle-slap the jelly. The acid corrodes you!
Your tentacles burn!
You tentacle-slap the jelly.
The jelly is heavily wounded.
The ice beast barely misses you. The jelly hits you. The acid corrodes you!
You are splashed with acid!
* * * LOW HITPOINT WARNING * * *
You completely miss the jelly.
The jelly is heavily wounded.
The ice beast hits you.
* * * LOW HITPOINT WARNING * * *
The ice beast freezes you!
You die...

##......>.....#
#..#..###.###
#.............###.##......#
....##............##..)####
....<..........#..#...##
#..######.........#...#
#..# ...##.#.#.#...#####
#..###..#.
#..............[. .......#
....#.8.#.....###..
..##.### #...Jh..#......#
..#..# #...8.Y.8...#....#
....## ..#)......#........
..### ....#.8.#........#.
..# .................# ..#
.....#.#.........# ...
....... ........ ....
.....# ....... .....


You could see an ice beast and a jelly.

Vanquished Creatures
  Grinder (D:3)
  An ogre (D:5)
  A bombardier beetle (D:4)
  An orc priest (D:4)
  Jessica (D:3)
  An iguana (D:5)
  Terence (D:3)
  2 orc wizards (D:4)
  7 adders
  A white imp (D:5)
  A dart slug (D:2)
  A ribbon worm (D:3)
  3 orcs
  4 ball pythons
  18 bats
  9 endoplasms
  4 giant cockroaches
  A goblin (D:1)
  10 hobgoblins
  3 jackals (D:3)
  11 kobolds
  A quokka (D:4)
  3 frilled lizards
  9 rats
95 creatures vanquished.

Notes
Turn   | Place    | Note
-------+----------+-------------------------------------------
     0 | D:1      | timneilson the Octopode Shapeshifter began the quest for
                  | the Orb.
     0 | D:1      | Reached XP level 1. HP: 13/13 MP: 1/1
   229 | D:1      | Reached XP level 2. HP: 18/18 MP: 2/2
   531 | D:1      | Reached skill level 1 in Stealth
   642 | D:1      | Reached XP level 3. HP: 21/23 MP: 3/3
  2031 | D:3      | Identified the staff of the Onslaught {rElec rPois Air}
  2133 | D:3      | Noticed Terence
  2139 | D:3      | Killed Terence
  2140 | D:3      | Reached XP level 4. HP: 22/29 MP: 4/4
  2172 | D:3      | Found a runed translucent door.
  2173 | D:3      | Noticed Crazy Yiuf
  2318 | D:3      | Found Xyetraid's Armour Shoppe.
  2460 | D:3      | Identified the +2 leather armour of Sin {Harm rElec}
  2661 | D:3      | You fall into a shaft and drop 2 floors!
  2661 | D:5      | Entered Level 5 of the Dungeon
  2675 | D:5      | Reached XP level 5. HP: 22/34 MP: 5/5
  2764 | D:4      | Found Istrumup's Antique Armour Emporium.
  2820 | D:4      | Identified the amulet of the Nine Ziggurats {Acrobat Str+2
                  | Int+6}
  2832 | D:4      | Found a shadowy altar of Dithmenos.
  2919 | D:3      | Noticed Jessica
  2922 | D:3      | Killed Jessica
  2973 | D:3      | Got the Directory of the Fault and Combustion
  3066 | D:3      | Found a shimmering blue altar of Sif Muna.
  3086 | D:3      | Noticed Grinder
  3090 | D:3      | Paralysed by Grinder for 3 turns
  3096 | D:3      | Killed Grinder
  3097 | D:3      | Reached skill level 1 in Shields
  3097 | D:3      | Reached XP level 6. HP: 19/42 MP: 6/6
  3348 | D:4      | Found a hide-covered altar of Uskayaw.
  3428 | D:4      | Reached XP level 7. HP: 46/46 MP: 7/7
  3751 | D:4      | Identified the +2 robe "Dimaeri" {Archmagi}
  4243 | D:5      | Found a staircase to the Ecumenical Temple.
  4253 | D:5      | Mangled by an ice beast

Illustrated notes

Levels and vault maps discovered:
D:1:      elethiomel_arrival_maze, layout_basic
D:2:      layout_basic, lexackson_kobold_supper
D:3:      layout_basic, old_standard_altar, serial_shops, shop_statue,
          uniq_grinder, uniq_jessica, uniq_crazy_yiuf_cottage, uniq_terence
D:4:      layout_loops_corners, nicolae_dithmenos_shadow_blocks,
          nicolae_uskayaw_dance_hall, serial_shops, shop, roderic_batcave,
          hangedman_decor_riveting
D:5:      layout_rooms, pdpol_wu_jian_five_deadly_venoms,
          nicolae_hepliaklqana_monster_ancestors,
          minmay_temple_entry_sparse_star, kennysheep_donut,
          chequers_serial_rivers_micro_a, uniq_pikel

Skill      XL: |  1  2  3  4  5  6  7 |
---------------+----------------------+-----
Stealth        | 1 2 3 |  3.4
Fighting       | 2 3 |  3.5
Dodging        | 3 4 |  4.1
Shields        | 1 |  1.7
Unarmed Combat | 4 |  4.5
Shapeshifting  | 4 |  4.4

Action                     |  1- 3 |  4- 6 |  7- 9 || total
---------------------------+-------+-------+-------++-------
  Melee: Unarmed           |    69 |    53 |    40 ||   162
         Tentacles         |    16 |    10 |     7 ||    33
         Constrict         |    14 |    11 |     8 ||    33
         Punch             |       |     1 |     1 ||     2
    Use: Scroll            |     4 |     7 |     1 ||    12
         Potion            |       |       |     2 ||     2
   Stab: Sleeping          |     6 |    10 |     5 ||    21
 Armour: Skin              |    27 |    19 |    14 ||    60
  Dodge: Dodged            |    27 |    19 |    19 ||    65
  Block: Kite shield       |       |     6 |    11 ||    17

Table legend: (Time is in decaauts)
 A = Elapsed time spent in this place.
 B = Non-inter-level travel time spent in this place.
 C = Inter-level travel time spent in this place.
 D = Time resting spent in this place.
 E = Time spent auto-exploring this place.
 F = Levels seen in this place.
 G = Mean time per level.
                   A        B        C        D        E       F      G
               +--------+--------+--------+--------+--------+-----+--------+
         Total |   4250 |   4115 |    135 |     81 |   3247 |   5 |  850.0 |
       Dungeon |   4250 |   4115 |    135 |     81 |   3247 |   5 |  850.0 |
               +--------+--------+--------+--------+--------+-----+--------+

Top non-repeatable levels by time:
     D:2: 1231 daAuts
     D:3: 1008 daAuts
     D:4: 931 daAuts
     D:1: 871 daAuts
     D:5: 206 daAuts
